 Dungeon Crawl Stone Soup version 0.28.0-53-g5a82cb258f (webtiles) character file.

Game seed: 17292287064004150495

1021 SanguineChosen the Shield-Bearer (level 8, -14/48 HPs)
             Began as a Gargoyle Fighter on July 16, 2022.
             Killed by divine providence
             ... invoked by an orc priest
              (15 damage)
             ... on level 5 of the Dungeon.
             The game lasted 00:17:17 (5187 turns).

SanguineChosen the Shield-Bearer (Gargoyle Fighter) Turns: 5187, Time: 00:17:17

Health: -14/48     AC: 18    Str: 22    XL:     8   Next: 22%
Magic:  8/8        EV:  9    Int:  9    God:
Gold:   212        SH:  4    Dex:  9    Spells: 7/7 levels left

rFire   . . .      SeeInvis .   k - +1 short sword (venom)
rCold   . . .      Faith    .   c - +0 buckler
rNeg    + . .      Spirit   .   b - +0 scale mail
rPois   ∞          Reflect  .   n - +1 helmet
rElec   +          Harm     .   t - +2 cloak
rCorr   .          Rampage  .   (no gloves)
Will    .....                   (no boots)
Stlth   ..........              (no amulet)
HPRegen 0.16/turn               (no ring)
MPRegen 0.11/turn               (no ring)

@: mighty
A: sickness immunity, AC +5, negative energy resistance 1, electricity
resistance, torment resistance 1, petrification resistance
a: no special abilities


You were on level 5 of the Dungeon.
You visited 1 branch of the dungeon, and saw 5 of its levels.

You collected 278 gold pieces.
You spent 66 gold pieces at shops.

Inventory:

Hand Weapons
 a - a +0 flail
 k - a +1 short sword of venom (weapon)
Armour
 b - a +0 scale mail (worn)
 c - a +0 buckler (worn)
 n - a +1 helmet (worn)
 t - a +2 cloak (worn)
Jewellery
 g - a +6 ring of intelligence
 s - an amulet of faith
Wands
 o - a wand of iceblast (9)
Potions
 d - 3 potions of might
 m - a potion of attraction {unknown}
 q - a potion of lignification {unknown}


   Skills:
 + Level 4.5 Fighting
 * Level 4.9 Short Blades
 * Level 4.3 Maces & Flails
 + Level 4.9 Armour
 + Level 1.3 Dodging
 + Level 0.6 Stealth
 * Level 5.3 Shields


You had 7 spell levels left.
You didn't know any spells.
Your spell library contained the following spells:

 Spells                   Type           Power      Damage    Failure   Level
 Magic Dart               Conj           0%         1d3       78%         1
 Blink                    Tloc           0%         N/A       89%         2
 Call Imp                 Summ           0%         N/A       89%         2
 Gell's Gravitas          Tloc           0%         N/A       98%         3
 Mephitic Cloud           Conj/Pois/Air  0%         N/A       98%         3
 Teleport Other           Tloc           0%         N/A       98%         3
 Manifold Assault         Tloc           0%         N/A       100%        5
 Dispersal                Tloc           0%         N/A       100%        6
 Storm Form               Tmut/Air       0%         N/A       100%        7


Dungeon Overview and Level Annotations

Branches:
Dungeon (5/15)
 Temple: D:4-7

Altars:
Xom
Beogh

Shops:
D:1 !

Annotations:
D:5 Cheops's ghost, novice MiFi


Innate Abilities, Weirdness & Mutations

You are immune to sickness and miasma.
Your stone body is resilient. (AC +5)
You are immune to poison.
You resist negative energy. (rN+)
You are resistant to electric shocks. (rElec)
You are resistant to unholy torment.
You are immune to petrification.


Message History

You hit Cheops's ghost.
Cheops's ghost is moderately damaged.
The orc closely misses you. You block Cheops's ghost's attack.
You block the orc's attack. The orc barely misses you.
The orc hits you with the +7 whip of Valuable Assets {flame, rCorr Str+4 Dex+4}.
The orc burns you.
The orc priest mumbles some strange prayers to Beogh against you.
Beogh smites you!
* * * LOW HITPOINT WARNING * * *
You feel better.
The orc hits you with the +7 whip of Valuable Assets {flame, rCorr Str+4 Dex+4}.
The orc burns you.
You barely miss the orc.
The orc priest hits you but does no damage.
The orc hits you with the +7 whip of Valuable Assets {flame, rCorr Str+4 Dex+4}.
The orc burns you. You block Cheops's ghost's attack.
You barely miss the orc.
The orc priest hits you but does no damage.
The orc completely misses you.
Cheops's ghost says, "To die, to sleep, no more."
Cheops's ghost hits you but does no damage.
You hit the orc.
The orc is poisoned.
The orc is moderately wounded.
The orc priest mumbles some strange prayers to Beogh against you.
Beogh smites you!
* * * LOW HITPOINT WARNING * * *
The orc closely misses you. Cheops's ghost closely misses you.
You puncture the orc!
You kill the orc!
The orc hits you but does no damage. The orc hits you but does no damage.
The orc priest hits you with a +0 club.
* * * LOW HITPOINT WARNING * * *
Cheops's ghost hits you.
* * * LOW HITPOINT WARNING * * *
You hit Cheops's ghost.
Cheops's ghost is moderately damaged.
The orc hits you but does no damage.
The orc priest invokes the aid of Beogh against you.
Beogh smites you!
You die...

##..#.............
##†.......##.....
#.##....##.....[
#..#...###......
#...#.####......
##..#.#.#.......
#######.....##....^.
#...#..........#####
#..@o........###.≈≈#
##.Wo.......##...≈≈≈
##o.....####....≈≈≈
#.>.............≈≈≈
##..............≈≈≈≈
###...)..##.......≈.≈≈
#...)......####.....≈≈
###..)..........##....≈≈
#....)...#.......###≈≈≈#


You could see an orc priest, Cheops's ghost and 2 orcs.

Vanquished Creatures
  A sky beast (D:5)
  A necrophage (D:4)
  2 ogres (D:4)
  A phantom (D:5)
  2 scorpions
  A wyvern skeleton (D:5)
  A howler monkey (D:5)
  A centaur zombie (D:5)
  An orc priest (D:4)
  A centaur skeleton (D:5)
  A bullfrog skeleton (D:4)
  Jessica (D:2)
  An iguana (D:5)
  2 orc wizards
  A hound skeleton (D:5)
  4 adders
  4 worms
  5 dart slugs
  21 orcs
  8 ball pythons
  4 endoplasms
  4 giant cockroaches
  8 goblins
  12 hobgoblins
  13 kobolds
  4 quokkas
  3 bats (D:2)
  A frilled lizard (D:1)
  2 rats (D:3)
111 creatures vanquished.

Vanquished Creatures (others)
  A ball python (D:3)
  A goblin (D:3)
2 creatures vanquished.

Grand Total: 113 creatures vanquished

Notes
Turn   | Place    | Note
-------+----------+-------------------------------------------
     0 | D:1      | SanguineChosen the Gargoyle Fighter began the quest for the
                  | Orb.
     0 | D:1      | Reached XP level 1. HP: 14/14 MP: 1/1
   102 | D:1      | Reached XP level 2. HP: 19/19 MP: 2/2
   457 | D:1      | Found Werphuy's Distillery.
   489 | D:1      | Bought a potion of curing for 33 gold pieces
   489 | D:1      | Bought a potion of curing for 33 gold pieces
   890 | D:2      | Reached XP level 3. HP: 23/23 MP: 3/3
  1036 | D:2      | Noticed Jessica
  1046 | D:2      | Killed Jessica
  1047 | D:2      | Reached XP level 4. HP: 22/29 MP: 4/4
  2025 | D:3      | Found a shimmering altar of Xom.
  2090 | D:3      | Noticed a scorpion
  2097 | D:3      | Killed a scorpion
  2098 | D:3      | Reached skill level 4 in Shields
  2098 | D:3      | Reached XP level 5. HP: 28/33 MP: 5/5
  2536 | D:3      | Reached skill level 1 in Short Blades
  2806 | D:4      | Reached XP level 6. HP: 27/38 MP: 6/6
  3499 | D:4      | Reached XP level 7. HP: 40/43 MP: 7/7
  3842 | D:5      | Entered Level 5 of the Dungeon
  3933 | D:5      | Reached skill level 1 in Dodging
  4037 | D:5      | Found a runed translucent gate.
  4037 | D:5      | Found a runed translucent gate.
  4038 | D:5      | Found a runed translucent gate.
  4047 | D:5      | Identified the +7 whip of Valuable Assets {flame, rCorr
                  | Str+4 Dex+4}
  4047 | D:5      | Identified the +4 scale mail of Verdant Fun {rF++}
  4048 | D:5      | Noticed Cheops's ghost (novice MiFi)
  4529 | D:5      | Reached skill level 5 in Shields
  4566 | D:4      | Reached XP level 8. HP: 33/48 MP: 8/8
  5186 | D:5      | HP: 1/48 [Cheops's ghost (4)]
  5187 | D:5      | Killed from afar by an orc priest

Illustrated notes

Levels and vault maps discovered:
D:1:      nzn_arrival_depleted_hourglass, layout_loops_ring, serial_shops,
          nicolae_shop_waterfront
D:2:      layout_loops_cross, uniq_jessica
D:3:      layout_basic, xom_confusion_cloud
D:4:      layout_loops_ring, hangedman_decor_lopped, hex_medium,
          minmay_goblin_outpost
D:5:      layout_cave_pools, biasface_ghost_orc_armoury,
          nicolae_underground_beach

Skill      XL: |  1  2  3  4  5  6  7 |
---------------+----------------------+-----
Armour         | 4 |  4.9
Maces & Flails | 3 4 |  4.3
Fighting       | 4 |  4.5
Shields        | 4 5 |  5.3
Short Blades   | 1 2 4 |  4.9
Dodging        | 1 |  1.3
Stealth        | |  0.6

Action                   |  1- 3 |  4- 6 |  7- 9 || total
-------------------------+-------+-------+-------++-------
Melee: Flail             |    76 |    41 |       ||   117
       Short sword       |       |   152 |   147 ||   299
Evoke: Wand              |       |       |     2 ||     2
  Use: Potion            |       |     2 |     4 ||     6
       Scroll            |       |       |     8 ||     8
Armor: Scale mail        |    30 |    93 |   125 ||   248
Dodge: Dodged            |    41 |    69 |    68 ||   178
Block: Buckler           |    14 |    30 |    44 ||    88
